 Dungeon Sprint DCSS version 0.27.1-33-g824d729ab1 (webtiles) character file.

Game seed: 14070597652457438868

193 Descartes the Skirmisher (level 6, -6/53 HPs)
             Began as a Formicid Warper on Dec 21, 2021.
             Was an Initiate of Gozag.
             Mangled by a red ugly thing (9 damage)
             ... in the Dungeon (Sprint V: "Ziggurat Sprint").
             The game lasted 00:06:39 (115 turns).

Descartes the Skirmisher (Formicid Warper)           Turns: 115, Time: 00:06:40

Health: -6/53      AC: 20    Str: 18    XL:     6   Next: 2%
Magic:  8/15       EV: -3    Int: 12    God:    Gozag
Gold:   135        SH:  0    Dex: 10    Spells: 17/17 levels left

rFire    + . .     SeeInvis +   B - +10 dark maul {vorpal}
rCold    + . .     Faith    .   D - +18 shield of the Gong {rElec rN+ Will+ EV-5}
rNeg     + . .     Spirit   .   I - +5 gold dragon scales
rPois    +         Reflect  .   (helmet unavailable)
rElec    +         Harm     .   (no cloak)
rCorr    .         Rampage  .   (no gloves)
Will     +....                  (no boots)
Stlth    ..........             (no amulet)
HPRegen  0.17/turn              (no ring)
MPRegen  0.14/turn              (no ring)

@: confused, gold aura
A: permanent stasis, dig shafts and tunnels, antennae 3, four strong arms
a: Dig, Renounce Religion, Potion Petition, Call Merchant, Bribe Branch


You were in the Dungeon.
You worshipped Gozag.
Gozag was aware of your devotion.
You visited 1 branch You collected 135 gold pieces.

Inventory:

Hand Weapons
 a - a +0 mace
 B - the +10 dark maul (weapon) {vorpal}
   (You found it in the Dungeon)

   It inflicts extra damage upon your enemies.
 C - the +14 obsidian axe {vorpal, Mesm Drain Fly SInv}
   (You found it in the Dungeon)

   It inflicts extra damage upon your enemies.
   It occasionally summons demons to assist the wielder when it strikes in
   combat.
   Its wielder is mesmerised by any visible foes.
   It cannot be unequipped while any foes are visible.
   SInv:      It lets you see invisible.
   Fly:       It grants you flight.
   Drain:     It drains your maximum health when unequipped.
 E - the +7 great mace "Firestarter" {inner flame, rF++}
   (You found it in the Dungeon)

   It burns those it strikes, dealing additional fire damage.
   It fills those it strikes with an explosive inner flame.
   It grants immunity to clouds of flame.
   rF:        It greatly protects you from fire.
 F - the +8 lance "Wyrmbane" {slay drac, rPois rF+ rC+ AC+3}
   (You found it in the Dungeon)

   It inflicts extra damage against dragons and draconians.
   AC:        It affects your AC (+3).
   rF:        It protects you from fire.
   rC:        It protects you from cold.
   rPois:     It protects you from poison.
 G - the +6 shillelagh "Devastator" {shatter}
   (You found it in the Dungeon)

   It releases a powerful concussive burst when it strikes, dealing extra damage
   to the target and all other foes adjacent to them.
 K - a +3 great mace of protection
Missiles
 c - 5 boomerangs of dispersal (quivered)
Armour
 b - a +0 leather armour
 D - the +18 shield of the Gong (worn) {rElec rN+ Will+ EV-5}
   (You found it in the Dungeon)

   It is deafeningly noisy when blocking attacks.
   EV:        It affects your evasion (-5).
   rElec:     It insulates you from electricity.
   rN:        It protects you from negative energy.
   Will:      It increases your willpower.
 H - a +5 crystal plate armour
 I - +5 gold dragon scales (worn)
Jewellery
 q - a ring of flight
 r - a +6 ring of dexterity
 s - a +6 ring of dexterity
 t - a +6 ring of intelligence
 u - a +6 ring of intelligence
 v - a +6 ring of strength
 w - a +6 ring of strength
Wands
 y - a wand of mindburst (7)
 z - a wand of iceblast (7)
 A - a wand of acid (7)
Scrolls
 l - 4 scrolls of amnesia
 m - 7 scrolls of fog
 n - a scroll of holy word
 o - 5 scrolls of identify
 p - 2 scrolls of fear
Potions
 d - 10 potions of curing
 e - 9 potions of heal wounds
 f - 7 potions of magic
 g - 2 potions of brilliance
 h - 2 potions of invisibility
 i - 4 potions of resistance
 k - 5 potions of might
Miscellaneous
 x - a lightning rod (4/4)
 J - a lightning rod (4/4)


   Skills:
 + Level 6.6 Fighting
 + Level 6.2 Maces & Flails
 - Level 1.0 Throwing
 + Level 6.2 Armour
 - Level 1.7 Dodging
 + Level 6.5 Shields
 - Level 6.2 Spellcasting
 + Level 5.8 Translocations


You had 17 spell levels left.
You didn't know any spells.
Your spell library contained the following spells:

 Spells                   Type           Power      Damage    Failure   Level
 Gell's Gravitas          Tloc           8%         N/A       100%        3
 Lesser Beckoning         Tloc           8%         N/A       100%        3
 Teleport Other           Tloc           17%        N/A       100%        3
 Manifold Assault         Tloc           17%        N/A       100%        5
 Blink                    Tloc           Unusable   N/A       N/A         2

Dungeon Overview and Level Annotations

Branches:
Dungeon (1/1)

Altars:
Ashenzari
Cheibriados
Dithmenos
Elyvilon
Fedhas
Gozag
Hepliaklqana
Kikubaaqudgha
Makhleb
Nemelex Xobeh
Okawaru
Qazlal
Ru
Sif Muna
Trog
Uskayaw
Vehumet
Wu Jian
Xom
Yredelemnul
Zin
The Shining One
Beogh
Jiyva
Lugonu

Annotations:
D 1 transporter


Innate Abilities, Weirdness & Mutations

You cannot be hasted, slowed, berserked, paralysed or teleported.
You can dig through walls and to a lower floor.
You have a pair of large antennae on your head. (SInv)
Your four strong arms can wield two-handed weapons with a shield.


Message History

You are confused.
You are too injured to fight recklessly!
Unknown command.
Okay, then.
You feel more experienced!
Your Fighting skill gained 2 levels and is now at level 6!
Your Maces & Flails skill gained 2 levels and is now at level 6!
Your Armour skill gained 2 levels and is now at level 6!
Your Shields skill gained 2 levels and is now at level 6!
Your Spellcasting skill gained 2 levels and is now at level 6!
Your Translocations skill increases to level 5!
Training target 5.0 for Spellcasting reached!
You have reached level 6!
Your experience leads to an increase in your attributes!
Increase (S)trength, (I)ntelligence, or (D)exterity?
You feel stronger.
The red ugly thing pecks you but does no damage.
The golden eye blinks!
You feel much better.
The red ugly thing pecks you but does no damage.
The golden eye blinks at you.
You are more confused.
You are too confused!
You are too confused!
The red ugly thing pecks you.
You are engulfed in flames!
You resist. The golden eye blinks at you. You resist with almost no effort.
You closely miss the golden eye.
The golden eye changes into a cane toad!
The red ugly thing pecks you but does no damage. x3
You hammer the cane toad like a gong!!!
You kill the cane toad!
The red ugly thing pecks you.
You are engulfed in flames!
You resist. The red ugly thing pecks you.
You are engulfed in flames!
You resist.
* * * LOW HITPOINT WARNING * * *
The red ugly thing pecks you!
* * * LOW HITPOINT WARNING * * *
You are engulfed in flames!
You resist.
You die...
Your body crumbles into a pile of gold.

▓▓▓▓▓▓▓▓▓▓▓▓▓
▓.8©8.▓.8©8.▓
{{{
▓.})}.▓.....▓
{
▓.....▓.....▓
▓.....▓.....▓
▓.....▓.....▓
▓.$u..▓..©..▓
▓.@©..▓▓▓▓▓▓▓
▓▓▓▓▓▓▓ {{{
{{{ { { {


You could see a red ugly thing.

Vanquished Creatures
  A cane toad (shapeshifter) (D)
  A sky beast (shapeshifter) (D)
  A white imp (D)
  An adder skeleton (D)
4 creatures vanquished.

Notes
Turn   | Place    | Note
-------+----------+-------------------------------------------
     0 | D        | Descartes the Formicid Warper began the quest for the Orb.
     0 | D        | Reached XP level 1. HP: 16/16 MP: 3/3
     0 | D        | Found a shimmering blue altar of Sif Muna.
     0 | D        | Found a sacrificial altar of Ru.
     0 | D        | Found a bloodstained altar of Trog.
     0 | D        | Found a stormy altar of Qazlal.
     0 | D        | Found an iron altar of Okawaru.
     0 | D        | Found a sparkling altar of Nemelex Xobeh.
     0 | D        | Found a blossoming altar of Fedhas.
     0 | D        | Found the +6 Majin-Bo {vamp, MP+6 Int+6}
     0 | D        | Found the +9 heavy crossbow "Sniper" {vorpal, Acc+∞ SInv}
     0 | D        | Found the +10 dark maul {vorpal}
     0 | D        | Found the +15 Maxwell's patent armour {-Cast -Tele rElec
                  | Will+ rCorr}
     0 | D        | Found the +18 shield of the Gong {rElec rN+ Will+ EV-5}
     0 | D        | Found the +14 obsidian axe {vorpal, Mesm Drain Fly SInv}
     0 | D        | Found the +7 great mace "Firestarter" {inner flame, rF++}
     0 | D        | Found the +6 shillelagh "Devastator" {shatter}
     0 | D        | Found the +11 plutonium sword {Contam Stlth-}
     0 | D        | Found the +8 lance "Wyrmbane" {slay drac, rPois rF+ rC+
                  | AC+3}
     0 | D        | Found the +9 sword of Zonguldrok {reap}
     0 | D        | Found the +13 scythe of Curses {drain, Drain}
     0 | D        | Found the +5 sword of Power {vorpal}
     0 | D        | Found the +7 mace of Variability {chain chaos}
     0 | D        | Found the +7 Singing Sword {vorpal, sonic wave}
     0 | D        | Found the +8 storm bow {elec, penet}
     2 | D        | Found a transporter.
     2 | D        | Found an ancient bone altar of Kikubaaqudgha.
     2 | D        | Found a viscous altar of Jiyva.
     2 | D        | Found a corrupted altar of Lugonu.
     2 | D        | Found a hazy altar of Hepliaklqana.
     2 | D        | Found a burning altar of Makhleb.
     2 | D        | Found an opulent altar of Gozag.
    80 | D        | Became a worshipper of Gozag Ym Sagoz the Greedy
    87 | D        | Entered arena 2.
    87 | D        | Found a transporter.
    90 | D        | Reached skill level 1 in Shields
    94 | D        | Reached XP level 2. HP: 24/24 MP: 5/5
   104 | D        | Entered arena 3.
   104 | D        | Noticed a sky beast
   104 | D        | Noticed a red ugly thing
   104 | D        | Noticed a naga
   104 | D        | Found a transporter.
   107 | D        | Noticed a golden eye
   107 | D        | a naga changed into a golden eye
   108 | D        | Killed a sky beast
   109 | D        | Reached XP level 3. HP: 25/31 MP: 5/8
   109 | D        | Reached XP level 4. HP: 31/38 MP: 6/10
   109 | D        | Reached XP level 5. HP: 35/43 MP: 6/11
   111 | D        | Reached skill level 5 in Translocations
   111 | D        | Reached XP level 6. HP: 16/53 MP: 6/15
   114 | D        | Noticed a cane toad
   114 | D        | a golden eye changed into a cane toad
   115 | D        | Killed a cane toad
   115 | D        | Mangled by a red ugly thing

Illustrated notes

Levels and vault maps discovered:
D:        sprint_v [room_start, room_1, room_2, room_3, room_4, room_5, room_6,
          room_7, room_8, room_9, room_10, room_11, room_12, room_13, room_14,
          room_15, room_16, room_17, room_18, room_19, room_20, room_21,
          room_22, room_23, room_24, room_25, room_26, room_27]

Skill      XL: |  1  2  3  4  5 |
---------------+----------------+-----
Shields        | 1 4 6 |  6.5
Fighting       | 3 4 6 |  6.6
Armour         | 2 4 6 |  6.2
Translocations | 3 4 5 |  5.8
Maces & Flails | 4 6 |  6.2
Spellcasting   | 4 6 |  6.2
Throwing       | |  1.0
Dodging        | |  1.7

Action                   |  1- 3 |  4- 6 || total
-------------------------+-------+-------++-------
Melee: Maul              |     6 |     4 ||    10
  Use: Potion            |       |     2 ||     2
Armor: Gold dragon scale |     8 |     7 ||    15
Block: Kite shield       |     9 |     2 ||    11
